 Dungeon Crawl Stone Soup version 0.19.3-4-gbf9329e (webtiles) character file.

86 Gargoyl the Skirmisher (level 4, -5/40 HPs)
             Began as a Ghoul Abyssal Knight on Jan 26, 2017.
             Was a Follower of Lugonu.
             Slain by Crazy Yiuf
             ... wielding a +4 quarterstaff of chaos
              (16 damage)
             ... on level 2 of the Dungeon.
             The game lasted 00:04:54 (2453 turns).

Gargoyl the Skirmisher (Ghoul Abyssal Knight)       Turns: 2453, Time: 00:04:54

Health: -5/40      AC:  8    Str: 15    XL:     4   Next: 50%
Magic:  5/5        EV: 12    Int:  7    God:    Lugonu [*.....]
Gold:   42         SH:  0    Dex: 14    Spells: 0 memorised, 3 levels left

rFire  . . .     SeeInvis .     e - +0 broad axe
rCold  + . .     Gourm    .     m - +0 chain mail
rNeg   + + +     Faith    .     (no shield)
rPois  ∞         Spirit   .     (no helmet)
rElec  .         Reflect  .     (no cloak)
rCorr  .         Harm     .     (no gloves)
MR     .....                    (no boots)
Stlth  ..........               (no amulet)
                                (no ring)
                                (no ring)

@: agile, very slightly contaminated, rotting, invisible
A: rotting body, claws 1, carnivore 3, cold resistance 1, negative energy
resistance 3, slow regeneration 1, torment resistance, unbreathing
a: Depart the Abyss, Renounce Religion


You were on level 2 of the Dungeon.
You worshipped Lugonu.
Lugonu was aware of your devotion.
You were not hungry.

You visited 1 branch of the dungeon, and saw 2 of its levels.
You visited the Abyss 1 time.

You collected 42 gold pieces.

Inventory:

Hand Weapons
 a - a +1 hand axe
 e - a +0 broad axe (weapon)
Armour
 m - a +0 chain mail (worn)
Wands
 d - a wand of iceblast (7/15)
Scrolls
 b - a scroll of recharging
 g - a scroll of remove curse
 j - a scroll of fear {unknown}
Comestibles
 c - 2 meat rations
 f - a slice of pizza
 l - a royal jelly


   Skills:
 + Level 3.7 Fighting
 + Level 2.4 Axes
 * Level 2.6 Armour
 + Level 1.3 Dodging
 * Level 2.9 Invocations


You had 3 spell levels left.
You didn't know any spells.

Dungeon Overview and Level Annotations

Branches:
Dungeon (2/15)

Altars:

Annotations:
D:2 Crazy Yiuf


Innate Abilities, Weirdness & Mutations

Your body is rotting away.
You thrive on raw meat.
You are immune to poison.
You have sharp fingernails.
You are carnivorous and can eat meat at any time.
Your flesh is cold resistant. (rC+)
You are immune to negative energy. (rN+++)
You regenerate slowly when monsters are visible.
You are immune to unholy pain and torment.
You can survive without breathing.


Message History

You are very lightly contaminated with residual magic.
You feel more agile all of a sudden.
Crazy Yiuf hits you with a quarterstaff of chaos.
* * * LOW HITPOINT WARNING * * *
It was a potion of curing.
You feel better. Crazy Yiuf misses you.
You closely miss Crazy Yiuf. Crazy Yiuf barely misses you.
Crazy Yiuf misses you.
You strike the helpless Crazy Yiuf from behind!
You hit Crazy Yiuf.
Crazy Yiuf is moderately wounded.
Crazy Yiuf cries, "Sif Muna!"
You see here a mace.
Crazy Yiuf hits you with a quarterstaff of chaos.
You see here a mace.
You slash Crazy Yiuf!
Crazy Yiuf is almost dead.
Crazy Yiuf hits you with a quarterstaff of chaos.
* * * LOW HITPOINT WARNING * * *
You are electrocuted!
You die...

♣♣♣♣♣### #####♣♣♣)♣)...##
#g@)#♣))♣)P....##
#.))')♣♣♣♣P.....# #)))#♣♣
♣♣.....# ##### ♣♣##..#
#.## #(# ### ##.## #.#
##...##
####.#############...#.##


You could see Crazy Yiuf.

Vanquished Creatures
  2 adders (D:2)
  4 dart slugs (D:1)
  A leopard gecko (D:1)
  4 giant cockroaches
  7 hobgoblins
  5 jackals
  A quokka (D:1)
  A ball python (D:2)
  5 bats
  5 frilled lizards
  8 goblins
  5 kobolds (D:1)
  5 rats
53 creatures vanquished.

Vanquished Creatures (others)
  4 fungi (D:1)
4 creatures vanquished.

Grand Total: 57 creatures vanquished

Notes
Turn   | Place    | Note
-------+----------+-------------------------------------------
     0 | Abyss:1  | Gargoyl the Ghoul Abyssal Knight began the quest for the Orb.
     0 | Abyss:1  | Reached XP level 1. HP: 19/19 MP: 1/1
    62 | D:1      | Escaped the Abyss
   218 | D:1      | Reached XP level 2. HP: 17/26 MP: 2/2
   226 | D:1      | Reached skill level 1 in Dodging
   350 | D:1      | Reached * piety under Lugonu
   822 | D:1      | Reached XP level 3. HP: 22/31 MP: 3/3
  1795 | D:2      | Found a runed door.
  1853 | D:2      | Reached XP level 4. HP: 33/40 MP: 5/5
  2441 | D:2      | Noticed Crazy Yiuf
  2453 | D:2      | Slain by Crazy Yiuf

Skill      XL: |  1  2 |
---------------+-------+-----
Armour         | 2 |  2.6
Dodging        | 1 |  1.3
Axes           | 2 |  2.4
Fighting       | |  3.7
Invocations    | |  2.9

Action                   |  1- 3 |  4- 6 || total
-------------------------+-------+-------++-------
Melee: Hand axe          |   176 |       ||   176
       Broad axe         |    21 |    69 ||    90
Invok: Depart the Abyss  |     1 |       ||     1
  Use: Scroll            |     3 |       ||     3
       Potion            |       |     3 ||     3
 Stab: Invisible         |       |     1 ||     1
  Eat: Chunk             |    20 |     6 ||    26
Armor: Leather armour    |    44 |       ||    44
       Ring mail         |    14 |    25 ||    39
       Chain mail        |       |    31 ||    31
Dodge: Dodged            |   153 |    53 ||   206
